 Dungeon Crawl Stone Soup version 0.29.1-1-gd02db6906a (webtiles) character file.

Game seed: 12020335948868384110

5134 Icepheonix32 the Fighter (level 10, -5/93 (96) HPs)
             Began as a Minotaur Fighter on Oct 5, 2022.
             Was a Follower of Yredelemnul.
             Slain by an orc knight
             ... wielding a +0 halberd
              (26 damage)
             ... in a bailey.
             The game lasted 00:16:59 (7934 turns).

Icepheonix32 the Fighter (Minotaur Fighter)         Turns: 7934, Time: 00:16:59

HP:   -5/93 (96)    AC: 11    Str: 22    XL:     10   Next: 33%
MP:   12/12         EV: 12    Int:  5    God:    Yredelemnul [*.....]
Gold: 205           SH:  6    Dex: 19    Spells: 9/9 levels left

rFire   . . .      SeeInvis .   n - +3 club (spect)
rCold   + . .      Faith    .   c - +0 buckler
rNeg    . . .      Spirit   .   D - +2 scale mail {rC+}
rPois   .          Reflect  .   j - +1 hat
rElec   .          Harm     .   p - scarf {+Inv}
rCorr   .          Rampage  .   (no gloves)
Will    +....                   (no boots)
Stlth   +.........              (no amulet)
HPRegen 0.25/turn               y - ring of willpower
MPRegen 0.13/turn               F - +6 ring of dexterity

@: studying Fighting, lightly drained
A: horns 2, retaliatory headbutt
a: Renounce Religion, Evoke Invisibility, Recall Undead Harvest


You were in a bailey.
You worshipped Yredelemnul.
Yredelemnul was noncommittal.
You visited 1 branch of the dungeon, and saw 8 of its levels.
You also visited: Bailey.

You collected 361 gold pieces.
You spent 156 gold pieces at shops.

Inventory:

Hand Weapons
 a - a +0 war axe
 n - a +3 spectral club (weapon)
 w - a +3 vorpal flail
 B - a +0 spear of pain
 K - a +1 halberd of electrocution
 L - a +4 trident
 M - a +2 halberd of electrocution
 N - a +3 halberd of draining
Missiles
 t - 8 boomerangs (quivered)
 A - 2 throwing nets
 J - 3 javelins
Armour
 b - a +0 scale mail
 c - a +0 buckler (worn)
 g - a +0 chain mail
 j - a +1 hat (worn)
 p - a scarf of invisibility (worn)
 D - a +2 scale mail of cold resistance (worn)
Magical Staves
 o - a staff of air
Jewellery
 f - a ring of fire
 y - a ring of willpower (left hand)
 F - a +6 ring of dexterity (right hand)
Wands
 r - a wand of mindburst (10)
 u - a wand of flame (15)
 C - a wand of roots (6)
 I - a wand of charming (5)
Scrolls
 e - 2 scrolls of teleportation
 h - a scroll of blinking
 q - 3 scrolls of fog
 s - a scroll of amnesia
 E - a scroll of poison
 G - a scroll of enchant weapon
 H - a scroll of identify
Potions
 d - 5 potions of might
 i - 3 potions of curing
 k - 2 potions of lignification
 l - 3 potions of heal wounds
 m - a potion of flight
 v - a potion of invisibility
 x - a potion of attraction
 z - a potion of brilliance


   Skills:
 * Level 11.2 Fighting
 - Level 3.5(4.2) Axes
 - Level 3.5(4.2) Maces & Flails
 + Level 10.3 Armour
 + Level 3.7 Dodging
 + Level 1.6 Stealth
 + Level 7.1 Shields
 * Level 5.0 Invocations
 * Level 5.8 Evocations


You had 9 spell levels left.
You didn't know any spells.
Your spell library contained the following spells:

 Spells                   Type           Power      Damage    Failure   Level
 Sandblast                Erth           0%         2d4       83%         1
 Passwall                 Tmut/Erth      0%         N/A       92%         2
 Static Discharge         Conj/Air       0%         3-3/arc   92%         2
 Sublimation of Blood     Necr           0%         N/A       92%         2
 Stone Arrow              Conj/Erth      0%         3d7       99%         3
 Petrify                  Tmut/Erth      0%         N/A       100%        4
 Irradiate                Conj/Tmut      0%         3d11      100%        5
 Lightning Bolt           Conj/Air       0%         1d11      100%        5
 Maxwell's Capacitive Co  Air            0%         ∞         100%        8


Dungeon Overview and Level Annotations

Branches:
Dungeon (8/15)             Temple (0/1) D:6            Lair (0/5) D:8
 Bailey (1/1)

Altars:
Fedhas
Hepliaklqana
Makhleb
Qazlal
Ru
Sif Muna
Trog
Uskayaw
Xom
Yredelemnul
Zin

Shops:
D:5 [   D:7 *


Innate Abilities, Weirdness & Mutations

You have a pair of horns on your head.
You reflexively headbutt those who attack you in melee.


Message History

You kill the gnoll!
You block the gnoll's attack.
An orc knight comes into view. It is wielding a +0 halberd.
The orc knight shouts!
You hear a shout! x2
You block the gnoll's attack.
The orc knight drinks a potion.
The orc knight flickers and vanishes!
Deactivating autopickup; reactivate with Ctrl-A.
You see here a +2 halberd of electrocution.
You hit the gnoll. Your headbutt misses the gnoll.
The gnoll is lightly wounded.
The gnoll hits you with a +3 halberd of draining.
You feel drained.
You hit the gnoll.
The gnoll is heavily wounded.
The gnoll hits you but does no damage.
You feel drained. Something hits you!!
You hit the gnoll but do no damage.
The gnoll is heavily wounded.
The gnoll closely misses you. You furiously retaliate!
You headbutt the gnoll!
You kill the gnoll!
The dead are walking!
Something hits you but does no damage.
No target in view!
No target in view!
No target in view!
No target in view! 2 gnolls come into view.
A gnoll is wielding a +1 halberd of electrocution.
A gnoll is wielding a +0 halberd of electrocution.
Found four items.
The gnoll shouts! x2
Something hits you!
There is an open door, spattered with blood here.
You see here a +3 halberd of draining.
N - a +3 halberd of draining Something hits you!!
* * * LOW HITPOINT WARNING * * *
Your gnoll zombie completely misses something.
You hear a shout!
Unknown command.
You swap places.
Something hits you!!
You die...
Your body rises from the dead as a mindless zombie.

#g#.###.###.#
+###'##'##'##
! ##..)..##
..
###..)..###
!.⌠
#.'..⌠.)'.#
!..
###ZZ...###
.! ##ZZ...#
#Z###Z##+##+
#.Z@## #####


You could see 3 friendly gnoll zombies and 4 friendly orc zombies.

Vanquished Creatures
  Joseph (D:8)
  A wyvern (D:7)
  2 vampire mosquitoes
  Edmund (D:4)
  2 orc warriors
  2 ice beasts
  A sky beast (D:6)
  3 ogres
  A centaur (D:5)
  A phantom (D:5)
  A kobold brigand (D:6)
  2 scorpions
  2 gnoll sergeants
  3 wights (D:7)
  A howler monkey (D:4)
  A gnoll bouda (D:7)
  3 orc priests
  3 jellies
  Jessica (D:2)
  4 iguanas
  Natasha (thrice) (D:3)
  6 orc wizards
  Robin (D:2)
  25 gnolls
  4 adders
  A shadow imp (D:6)
  A white imp (D:4)
  3 ufetubi
  3 dart slugs
  26 orcs
  4 ball pythons
  9 bats
  8 endoplasms
  4 giant cockroaches
  9 goblins
  6 hobgoblins
  6 jackals
  14 kobolds
  8 quokkas
  4 frilled lizards
  An orc zombie (D:7)
  8 rats
190 creatures vanquished.

Vanquished Creatures (collateral kills)
  The ghost of turdburglar the Insei, a novice GnTm (D:7)
  The ghost of turdburglar the Insei, a novice DsFi of Dithmenos (D:5)
  A wyvern (D:5)
  2 vampire mosquitoes (D:6)
  An orc warrior (D:6)
  2 black bears (D:6)
  An ogre (D:5)
  A bullfrog (D:7)
  A scorpion (D:5)
  A necrophage (D:5)
  2 hounds (D:5)
  3 orc wizards (D:6)
  4 gnolls
  A shadow imp (D:7)
  7 orcs
29 creatures vanquished.

Vanquished Creatures (others)
  A centaur zombie (D:5)
  A hound zombie (D:5)
  2 jelly zombies
  10 orc zombies
  7 gnoll zombies
  A jackal zombie (D:5)
  3 kobold zombies (D:6)
  2 spectral ufetubi
  2 fungi (D:8)
  18 plants
47 creatures vanquished.

Grand Total: 266 creatures vanquished

Notes
Turn   | Place    | Note
-------+----------+-------------------------------------------
     0 | D:1      | Icepheonix32 the Minotaur Fighter began the quest for the
                  | Orb.
     0 | D:1      | Reached XP level 1. HP: 19/19 MP: 0/0
   201 | D:1      | Reached XP level 2. HP: 22/27 MP: 1/1
   624 | D:1      | Found a faded altar of an unknown god.
   741 | D:1      | Reached skill level 4 in Fighting
   893 | D:2      | Noticed Jessica
   900 | D:2      | Killed Jessica
   901 | D:2      | Reached XP level 3. HP: 25/33 MP: 2/2
  1014 | D:2      | Noticed Robin
  1025 | D:2      | Killed Robin
  1026 | D:2      | Reached XP level 4. HP: 36/41 MP: 3/3
  1548 | D:2      | Identified a scroll of acquirement
  1548 | D:2      | Acquired a manual of Fighting
  1644 | D:3      | Reached skill level 1 in Maces & Flails
  1654 | D:3      | Reached XP level 5. HP: 30/47 MP: 4/4
  1790 | D:3      | Found a burning altar of Makhleb.
  1817 | D:3      | Noticed Natasha
  1820 | D:3      | Found a blossoming altar of Fedhas.
  1823 | D:3      | Killed Natasha
  1824 | D:3      | Reached skill level 5 in Fighting
  1926 | D:3      | Noticed Natasha
  1937 | D:3      | Killed Natasha
  2095 | D:3      | Reached skill level 5 in Armour
  2095 | D:3      | Reached skill level 1 in Evocations
  2271 | D:3      | Noticed Natasha
  2277 | D:3      | Killed Natasha
  2278 | D:3      | Reached XP level 6. HP: 37/56 MP: 5/5
  2546 | D:3      | Found a hazy altar of Hepliaklqana.
  2683 | D:4      | Reached skill level 1 in Dodging
  2882 | D:4      | Found a basalt altar of Yredelemnul.
  2900 | D:4      | Reached XP level 7. HP: 22/62 MP: 6/6
  3193 | D:4      | Became a worshipper of Yredelemnul the Dark
  3310 | D:4      | Noticed Edmund
  3319 | D:4      | Killed Edmund
  3320 | D:4      | Reached skill level 6 in Fighting
  3642 | D:5      | Entered Level 5 of the Dungeon
  3659 | D:5      | Reached skill level 1 in Invocations
  3912 | D:5      | Reached * piety under Yredelemnul
  3916 | D:5      | Reached skill level 7 in Fighting
  3931 | D:5      | Found a bloodstained altar of Trog.
  3935 | D:5      | Reached ** piety under Yredelemnul
  3936 | D:5      | Reached XP level 8. HP: 66/73 MP: 8/8
  4028 | D:5      | Found a runed translucent gate.
  4028 | D:5      | Found a runed translucent gate.
  4029 | D:5      | Found a runed translucent gate.
  4038 | D:5      | Noticed turdburglar's ghost (novice DsFi)
  4122 | D:5      | Found a hide-covered altar of Uskayaw.
  4131 | D:5      | Reached skill level 5 in Shields
  4171 | D:5      | Found a glowing silver altar of Zin.
  4171 | D:5      | Noticed an angel
  4204 | D:5      | Reached *** piety under Yredelemnul
  4243 | D:5      | Found Essameut's Antique Armour Emporium.
  4251 | D:5      | Bought a runed scale mail for 147 gold pieces
  4293 | D:5      | Reached skill level 8 in Fighting
  4816 | D:5      | Killed turdburglar's ghost
  4817 | D:5      | Reached XP level 9. HP: 67/82 MP: 2/10
  5148 | D:6      | Found a shimmering blue altar of Sif Muna.
  5154 | D:6      | Found a hide-covered altar of Uskayaw.
  5231 | D:6      | Found a stormy altar of Qazlal.
  5315 | D:6      | Reached skill level 9 in Fighting
  5431 | D:6      | Reached skill level 1 in Stealth
  5479 | D:6      | Found a shimmering altar of Xom.
  5490 | D:6      | Found a sacrificial altar of Ru.
  5579 | D:6      | Reached skill level 5 in Evocations
  5917 | D:6      | Found a staircase to the Ecumenical Temple.
  5943 | D:7      | Found a transporter.
  6714 | D:7      | Noticed turdburglar's ghost (novice GnTm)
  6724 | D:7      | Found a transporter.
  6732 | D:7      | Reached skill level 10 in Fighting
  6745 | D:7      | HP: 4/83 [wight/+3 morningstar (7)]
  6745 | D:7      | HP: 1/83 [constriction (3)]
  7185 | D:7      | Found Diydiner's CLEARANCE SALE!.
  7192 | D:7      | Bought a potion of curing for 9 gold pieces
  7211 | D:7      | Reached skill level 10 in Armour
  7211 | D:7      | Reached XP level 10. HP: 78/93 MP: 12/12
  7499 | D:7      | Killed turdburglar's ghost
  7547 | D:8      | Noticed Joseph
  7559 | D:8      | Killed Joseph
  7560 | D:8      | Reached skill level 11 in Fighting
  7560 | D:8      | Reached skill level 5 in Invocations
  7606 | D:8      | Found a flagged portal.
  7617 | Bailey   | Entered a bailey
  7928 | Bailey   | Noticed an orc knight
  7934 | Bailey   | Slain by an orc knight

Illustrated notes

Levels and vault maps discovered:
D:1:      wheals_arrival_shading, layout_loops_ring,
          shapermc_ecumenical_altar_mp_highgroup, serial_bayou_ford_a
D:2:      layout_basic, hangedman_abyss_or_decor_stabs, minmay_misc_feat_rows,
          uniq_jessica, uniq_robin
D:3:      layout_rooms, worldfamousw_hep_ancestral_shrine, old_standard_altar,
          mainiacjoe_overflow_tiny_flanked, chequers_arboretum, uniq_natasha
D:4:      layout_cave_pools, mainiacjoe_overflow_alcove_1,
          minmay_misc_feat_pillars, uniq_edmund
D:5:      layout_rooms, zin_angel, gammafunk_ghost_split, serial_shops,
          shop_fountains, hangedman_feature_mirror, chequers_big_river,
          minmay_bent
D:6:      layout_loops_ring, grunt_qazlal_sundering, grunt_temple_overflow_open,
          mainiacjoe_overflow_large_starburst, lemuel_temple_firewalk_b
D:7:      layout_loops_ring, gammafunk_ghost_arena, nicolae_shop_clearance
D:8:      layout_loops_corners, kiku_gazebo_garden_becter, okawaru_gym_becter,
          mainiacjoe_overflow_brackets, mainiacjoe_overflow_alcove_4,
          minmay_lair_entry_grove, lightli_bailey_entry_fortress,
          serial_aquarium, aquarium_bridge_straight [aquarium_subvault_bridge,
          aquarium_subvault_wall, aquarium_subvault_bridge,
          aquarium_subvault_balcony], aquarium_bridge_long_joined
          [aquarium_subvault_window, aquarium_subvault_balcony,
          aquarium_subvault_wall, aquarium_subvault_bridge,
          aquarium_subvault_bridge, aquarium_subvault_wall], aquarium_window_3,
          aquarium_window_1, aquarium_window_fake, aquarium_view_2a,
          aquarium_view_2c, aquarium_balcony_1b, uniq_psyche, uniq_joseph
Bailey:   bailey_polearm_nasty_gnolls, bailey

Skill      XL: |  1  2  3  4  5  6  7  8  9 10 |
---------------+-------------------------------+-----
Shields        | 4 5 6 7 |  7.1
Armour         | 4 5 6 8 10 | 10.3
Fighting       | 4 5 7 8 10 11 | 11.2
Axes           | 3 |  3.5
Maces & Flails | 1 2 3 |  3.5
Evocations     | 1 2 3 4 5 |  5.8
Dodging        | 1 2 3 |  3.7
Invocations    | 1 3 4 5 |  5.0
Stealth        | 1 |  1.6

Action                   |  1- 3 |  4- 6 |  7- 9 | 10-12 || total
-------------------------+-------+-------+-------+-------++-------
Melee: War axe           |    44 |       |       |       ||    44
       Headbutt          |     8 |    20 |    51 |    17 ||    96
       Club              |    15 |   107 |   251 |    61 ||   434
Invok: Dark Bargain      |       |       |     3 |     2 ||     5
       Recall Undead Har |       |       |       |     1 ||     1
Evoke: Wand              |       |       |     3 |     1 ||     4
  Use: Scroll            |       |     6 |    11 |     1 ||    18
       Potion            |       |       |     4 |       ||     4
 Stab: Distracted        |       |       |     3 |       ||     3
Armor: Scale mail        |    30 |    50 |    89 |    17 ||   186
Dodge: Dodged            |    29 |    58 |    86 |    42 ||   215
Block: Buckler           |    14 |    21 |    73 |    28 ||   136
